 Dungeon Crawl Stone Soup version 0.30-a0-424-g7412bad402 (webtiles) character file.

Game seed: 16525567814635098035

947 cforsyth the Trooper (level 7, -5/96 HPs)
             Began as a Minotaur Berserker on Dec 10, 2022.
             Was a Priest of Trog.
             Slain by a gnoll
             ... wielding a +0 halberd
             ... led by a gnoll sergeant
              (9 damage)
             ... on level 6 of the Dungeon.
             The game lasted 00:08:17 (4642 turns).

cforsyth the Trooper (Minotaur Berserker)           Turns: 4642, Time: 00:08:17

Health: -5/96      AC: 11    Str: 24    XL:     7   Next: 89%
Magic:  6/6        EV: 11    Int:  4    God:    Trog [***...]
Gold:   277        SH:  2    Dex:  9    Spells: 6/6 levels left

rFire   . . .      SeeInvis .    E - +0 war axe (freeze)
rCold   . . .      Faith    .    b - +0 buckler
rNeg    . . .      Spirit   .    c - +0 scale mail
rPois   .          Reflect  .    (helmet restricted)
rElec   .          Harm     .    l - +0 cloak
rCorr   .          Rampage  .    j - +1 pair of gloves
Will    .....                    (no boots)
Stlth   ..........               (no amulet)
HPRegen 0.36/turn                (no ring)
MPRegen 0.10/turn                (no ring)

@: berserking, very quick
A: horns 2, retaliatory headbutt
a: Renounce Religion, Berserk, Trog's Hand


You were on level 6 of the Dungeon.
You worshipped Trog.
Trog was most pleased with you.
You visited 1 branch of the dungeon, and saw 6 of its levels.

You collected 277 gold pieces.

Inventory:

Hand Weapons
 B - a +2 vorpal spear
 E - a +0 war axe of freezing (weapon)
Missiles
 r - 2 throwing nets (quivered)
Armour
 b - a +0 buckler (worn)
 c - a +0 scale mail (worn)
 j - a +1 pair of gloves (worn)
 l - a +0 cloak (worn)
Jewellery
 y - a ring of positive energy
Wands
 t - a wand of polymorph (7)
 u - a wand of paralysis (14)
Scrolls
 h - 3 scrolls of blinking
 o - 2 scrolls of fog
Potions
 a - a potion of heal wounds {unknown}
 d - 2 potions of might
 e - 4 potions of curing
 k - a potion of cancellation
 m - a potion of haste
 n - a potion of lignification
 p - 4 potions of attraction
 q - a potion of ambrosia
 x - a potion of resistance
 D - a potion of invisibility


   Skills:
 + Level 6.5 Fighting
 + Level 1.7(4.2) Axes
 - Level 6.1(6.2) Polearms
 + Level 5.9 Armour
 + Level 5.3 Dodging


You had 6 spell levels left.
You didn't know any spells.
Your spell library was empty.

Dungeon Overview and Level Annotations

Branches:
Dungeon (6/15)             Temple (0/1) D:5

Altars:
Hepliaklqana

Shops:
D:1 :


Innate Abilities, Weirdness & Mutations

You have a pair of horns on your head.
You reflexively headbutt those who attack you in melee.


Message History

You headbutt the gnoll sergeant!
The gnoll sergeant is almost dead.
The gnoll hits you from afar with a +0 halberd.
The gnoll sergeant hits you with a +0 trident!
* * * LOW HITPOINT WARNING * * *
The gnoll barely misses you.
The gnoll sergeant hits you with a +0 trident.
* * * LOW HITPOINT WARNING * * *
Unknown command.
Unknown command.
A red film seems to cover your vision as you go berserk!
You feel yourself moving faster!
You feel mighty! The gnoll sergeant closely misses you.
The gnoll hits you from afar with a +0 halberd!
* * * LOW HITPOINT WARNING * * *
You hit the gnoll sergeant. You freeze the gnoll sergeant.
The gnoll sergeant is almost dead.
You closely miss the gnoll sergeant.
The gnoll sergeant is almost dead.
The gnoll sergeant hits you but does no damage.
The gnoll closely misses you.
Unknown command.
You barely miss the gnoll sergeant.
The gnoll sergeant is almost dead.
The gnoll hits you from afar with a +0 halberd.
* * * LOW HITPOINT WARNING * * *
The gnoll sergeant hits you with a +0 trident.
* * * LOW HITPOINT WARNING * * *
You slice the gnoll sergeant!! You freeze the gnoll sergeant.
You kill the gnoll sergeant!
Trog accepts your kill.
The gnoll hits you from afar with a +0 halberd.
* * * LOW HITPOINT WARNING * * *
The gnoll hits you but does no damage.
Things that are here:
a +0 trident; a +0 ring mail; a gnoll corpse You slash the gnoll!
You freeze the gnoll.
The gnoll is severely wounded.
The gnoll hits you with a +0 halberd!
You die...

*,**********,*#.).
*,,,,,,,,,,,,##...
##############....
#............'....
#.##.....#####....
#.##.....# #....
#.##.....# #....
#)########***#....
#@# *,,,,,#....
#g# *,,,,,###..
#g# *,,,,,* *..
#g# *,,,,,* *..
#.# *,,,,,* *,,
#.#*****,,,,,***,,
#..,,,,,,,,,,,,+,,
###*************,,
***


You could see 3 gnolls.

Vanquished Creatures
  Menkaure (D:5)
  An ice beast (D:5)
  An ogre (D:5)
  A phantom (D:6)
  A gnoll sergeant (D:6)
  3 scorpions (D:5)
  A jelly (D:5)
  An orc priest (D:5)
  An orc wizard (D:5)
  5 gnolls
  8 adders
  A shadow imp (D:5)
  2 ufetubi (D:5)
  2 worms (D:2)
  2 dart slugs
  11 orcs
  10 endoplasms
  7 giant cockroaches
  8 goblins
  3 hobgoblins
  7 jackals
  5 quokkas
  5 ball pythons
  6 bats
  7 frilled lizards (D:3)
  A kobold (D:1)
  9 rats
110 creatures vanquished.

Vanquished Creatures (others)
  7 fungi (D:5)
  4 plants (D:3)
11 creatures vanquished.

Grand Total: 121 creatures vanquished

Notes
Turn   | Place    | Note
-------+----------+-------------------------------------------
     0 | D:1      | cforsyth the Minotaur Berserker began the quest for the
                  | Orb.
     0 | D:1      | Reached XP level 1. HP: 19/19 MP: 0/0
   280 | D:1      | Reached XP level 2. HP: 23/27 MP: 1/1
   547 | D:1      | Found Jeciploh's Book Shoppe.
  1103 | D:2      | Reached XP level 3. HP: 33/33 MP: 2/2
  1223 | D:2      | Reached ** piety under Trog
  1441 | D:2      | Found a faded altar of an unknown god.
  1842 | D:3      | Reached XP level 4. HP: 38/41 MP: 3/3
  2502 | D:4      | Found a hazy altar of Hepliaklqana.
  2934 | D:3      | Reached XP level 5. HP: 20/47 MP: 4/4
  3324 | D:5      | Entered Level 5 of the Dungeon
  3376 | D:5      | Reached skill level 5 in Fighting
  3380 | D:5      | Reached skill level 5 in Polearms
  3406 | D:5      | Reached XP level 6. HP: 56/56 MP: 5/5
  3467 | D:5      | Noticed Menkaure
  3475 | D:5      | Killed Menkaure
  3476 | D:5      | Reached skill level 5 in Armour
  3476 | D:5      | Reached XP level 7. HP: 35/62 MP: 6/6
  3648 | D:5      | Reached *** piety under Trog
  3808 | D:5      | Reached skill level 5 in Dodging
  4149 | D:5      | Found a staircase to the Ecumenical Temple.
  4571 | D:6      | Reached skill level 1 in Axes
  4640 | D:6      | HP: 3/96 [gnoll/+0 halberd[a gnoll sergeant] (2)]
  4642 | D:6      | Slain by a gnoll

Illustrated notes

Levels and vault maps discovered:
D:1:      dpeg_arrival_castle, layout_basic, serial_shops, shop
D:2:      layout_basic, nicolae_ecumenical_oubliette
D:3:      layout_rooms, fountainhead, glass_columns_a,
          dreamdust_princess_bridge, minmay_lizard_king
D:4:      layout_gridville, marbit_many_paths
D:5:      layout_rooms, minmay_temple_entry_offerings, serial_aquarium,
          aquarium_bridge_square [aquarium_subvault_bridge,
          aquarium_subvault_bridge, aquarium_subvault_bridge,
          aquarium_subvault_wall], aquarium_window_fake, aquarium_window_fake,
          aquarium_window_fake, aquarium_window_3, aquarium_view_2e,
          aquarium_view_2d, aquarium_balcony_1b, uniq_menkaure
D:6:      layout_basic, minitemple, chequers_temple_overflow_statue_of_worship,
          serial_shops, nicolae_shop_window_shopping, amethyst_killhole,
          uniq_crazy_yiuf_cottage

Skill      XL: |  1  2  3  4  5  6  7 |
---------------+----------------------+-----
Fighting       | 4 5 6 |  6.5
Polearms       | 4 5 6 |  6.1
Armour         | 3 4 5 |  5.9
Dodging        | 3 4 5 |  5.3
Axes           | 1 |  1.7

Action                   |  1- 3 |  4- 6 |  7- 9 || total
-------------------------+-------+-------+-------++-------
Melee: Spear             |   117 |   135 |    18 ||   270
       Headbutt          |    13 |    15 |    11 ||    39
       War axe           |       |       |    35 ||    35
Invok: Berserk           |       |       |     1 ||     1
  Use: Scroll            |       |       |    20 ||    20
Armor: Animal skin       |     3 |       |       ||     3
       Scale mail        |    26 |    35 |    28 ||    89
Dodge: Dodged            |    38 |    49 |    27 ||   114
Block: Buckler           |     4 |     8 |     9 ||    21

Table legend: (Time is in decaauts)
 A = Elapsed time spent in this place.
 B = Non-inter-level travel time spent in this place.
 C = Inter-level travel time spent in this place.
 D = Time resting spent in this place.
 E = Time spent auto-exploring this place.
 F = Levels seen in this place.
 G = Mean time per level.
                   A        B        C        D        E       F      G
               +--------+--------+--------+--------+--------+-----+--------+
         Total |   4639 |   4317 |    322 |    487 |   2987 |   6 |  773.2 |
       Dungeon |   4639 |   4317 |    322 |    487 |   2987 |   6 |  773.2 |
               +--------+--------+--------+--------+--------+-----+--------+

Top non-repeatable levels by time:
     D:5: 1202 daAuts
     D:1: 1090 daAuts
     D:3: 795 daAuts
     D:2: 743 daAuts
     D:4: 689 daAuts
     D:6: 117 daAuts
